 Dungeon Crawl Stone Soup version 0.17-a0-1210-g1e4f09d (webtiles) character file.

367 nuthulu the Shield-Bearer (level 6, 0/38 HPs)
             Began as a Gargoyle Fighter on June 4, 2015.
             Killed by divine providence
             ... invoked by an orc priest
              (12 damage)
             ... on level 4 of the Dungeon.
             The game lasted 00:07:30 (2990 turns).

nuthulu the Shield-Bearer (Gargoyle Fighter)        Turns: 2990, Time: 00:07:30

Health: 0/38       AC: 16    Str: 20    XL:     6   Next: 69%
Magic:  6/6        EV:  8    Int:  9    God:
Gold:   184        SH: 10    Dex: 10    Spells: 0 memorised, 5 levels left

rFire  . . .     SeeInvis .     a - +1 flail
rCold  . . .     Clarity  .     b - +0 scale mail
rNeg   + . .     SustAt   .     c - +0 shield
rPois  ∞         Gourm    +     n - +0 helmet
rElec  +         Spirit   .     (no cloak)
rCorr  .         Warding  .     m - +2 pair of gloves
rMut   .         Stasis   .     (no boots)
MR     .....                    g - amulet of the gourmand
Stlth  ..........               (no ring)
                                (no ring)

@: not resistant to hostile enchantments, extremely unstealthy
A: negative energy resistance 1, electricity resistance, unbreathing,
petrification resistance, rot immunity, AC +4
a: no special abilities


You were on level 4 of the Dungeon.
You were not hungry.

You visited 1 branch of the dungeon, and saw 4 of its levels.

You collected 184 gold pieces.

Inventory:

Hand weapons
 a - a +1 flail (weapon)
Armour
 b - a +0 scale mail (worn)
 c - a +0 shield (worn)
 m - a +2 pair of gloves (worn)
 n - a +0 helmet (worn)
Jewellery
 g - an amulet of the gourmand (around neck)
Scrolls
 d - a scroll of remove curse
 h - a scroll of recharging
Comestibles
 e - 3 bread rations
 k - a meat ration


   Skills:
 * Level 4.1 Fighting
 * Level 3.5 Maces & Flails
 * Level 4.4 Armour
 * Level 1.9 Dodging
 * Level 5.3 Shields


You had 5 spell levels left.
You didn't know any spells.

Dungeon Overview and Level Annotations

Branches:
Dungeon (4/15)
 Temple: D:4-7

Altars:
The Shining One


Innate Abilities, Weirdness & Mutations

You are resistant to torment.
Your stone body is resilient (AC +4).
You are immune to poison.
You resist negative energy.
You are resistant to electric shocks.
You can survive without breathing.
You are immune to petrification.
You are immune to rotting.


Message History

You hit the orc priest but do no damage.
You block the orc priest's attack.
Drink which item? (? for menu, Esc to quit)
You feel better.
The orc priest hits you but does no damage.
You closely miss the orc priest.
The orc priest mumbles some strange prayers to Beogh against you.
Pain shoots through your body!
* * * LOW HITPOINT WARNING * * *
Your shield and scale mail prevent you from hitting the orc priest.
The orc priest hits you but does no damage.
Your shield prevents you from hitting the orc priest.
The orc priest hits you but does no damage.
Your shield and scale mail prevent you from hitting the orc priest.
You block the orc priest's attack.
You hit the orc priest.
The orc priest is moderately wounded.
The orc priest mumbles some strange prayers to Beogh against you.
Something smites you!
You die...

...
...#####
#'#
........
#o#
........
#o#
........
#o#
......)<
#o#
...#+###
#.#
########.#
#.....@o.#
#....#####
#....#
#....+
#....#
#...<#
######


You could see an orc priest.

Vanquished Creatures
  A hungry ghost (D:3)
  An orc priest (D:3)
  Ijyb (D:3)
  An orc wizard (D:3)
  A hound zombie (D:3)
  Robin (D:3)
  A gnoll (D:1)
  3 adders
  3 oozes
  A worm (D:3)
  11 orcs
  A giant cockroach (D:2)
  13 goblins
  7 hobgoblins
  2 quokkas
  4 bats
  3 giant geckos
  5 giant newts
  5 kobolds
  10 rats
75 creatures vanquished.

Notes
Turn   | Place    | Note
--------------------------------------------------------------
     0 | D:1      | nuthulu the Gargoyle Fighter began the quest for the Orb.
     0 | D:1      | Reached XP level 1. HP: 14/14 MP: 1/1
   157 | D:1      | Reached XP level 2. HP: 19/19 MP: 2/2
   725 | D:1      | Reached XP level 3. HP: 18/23 MP: 3/3
  1050 | D:2      | Found a glowing golden altar of the Shining One.
  1260 | D:2      | Reached XP level 4. HP: 29/29 MP: 4/4
  1457 | D:2      | Reached skill level 1 in Dodging
  1780 | D:3      | Noticed Robin
  1799 | D:3      | Killed Robin
  1799 | D:3      | Reached skill level 4 in Shields
  1964 | D:3      | Reached XP level 5. HP: 20/33 MP: 5/5
  2407 | D:3      | Noticed Ijyb
  2412 | D:3      | Killed Ijyb
  2507 | D:3      | Noticed a hungry ghost
  2621 | D:3      | Killed a hungry ghost
  2621 | D:3      | Reached skill level 5 in Shields
  2621 | D:3      | Reached XP level 6. HP: 35/38 MP: 6/6
  2990 | D:4      | Killed from afar by an orc priest

Vault maps used:
D:1:      minmay_arrival_cross
D:2:      old_standard_altar
D:3:      first_bread, uniq_iyjb, uniq_robin
D:4:      nicolae_overflow_crystal_walls

Action                   |  1- 3 |  4- 6 || total
-------------------------+-------+-------++-------
Melee: Flail             |    92 |   186 ||   278
  Use: Scroll            |     6 |     4 ||    10
       Potion            |     1 |     7 ||     8
  Eat: Fruit             |     1 |       ||     1
       Chunk             |       |     6 ||     6
       Pizza             |       |     1 ||     1
